 Dungeon Crawl Stone Soup version 0.28-a0-595-g9f6c0e134a (webtiles) character file.

Game seed: 9840645943472444133

29 lawman0 the Sneak (level 3, -3/36 HPs)
             Began as a Troll Delver on Oct 4, 2021.
             Slain by an iguana (8 damage)
             ... on level 5 of the Dungeon.
             The game lasted 00:00:25 (32 turns).

lawman0 the Sneak (Troll Delver)                      Turns: 32, Time: 00:00:26

Health: -3/36      AC:  4    Str: 20    XL:     3   Next: 1%
Magic:  2/2        EV: 10    Int:  6    God:
Gold:   0          SH:  0    Dex: 12    Spells: 2/2 levels left

rFire   . . .      SeeInvis .     - Unarmed
rCold   . . .      Faith    .   (no shield)
rNeg    . . .      Spirit   .   a - +0 robe
rPois   .          Reflect  .   (helmet restricted)
rElec   .          Harm     .   (no cloak)
rCorr   .          Rampage  .   (gloves unavailable)
Will    .....                   (boots unavailable)
Stlth   ++........              (no amulet)
HPRegen 1.12/turn               (no ring)
MPRegen 0.08/turn               (no ring)

@: no status effects
A: large, unfitting armour, claws 3, regeneration 1, shaggy fur 1, tough skin 1
a: no special abilities


You were on level 5 of the Dungeon.
You visited 1 branch of the dungeon, and saw 1 of its levels.

Inventory:

Armour
 a - a +0 robe (worn)
Wands
 f - a wand of digging (3)
Scrolls
 b - a scroll of fog
 d - a scroll of fear
Potions
 e - a potion of haste


   Skills:
 + Level 2.6 Fighting
 + Level 1.6 Dodging
 + Level 3.1 Stealth
 * Level 2.3 Unarmed Combat


You had 2 spell levels left.
You didn't know any spells.
Your spell library was empty.

Dungeon Overview and Level Annotations

Branches:
Dungeon (5/15)
 Temple: D:4-7

Altars:

Annotations:
D:5 2 runed translucent doors


Innate Abilities, Weirdness & Mutations

You are too large for most types of armour.
You have claws for hands.
Your natural rate of healing is unusually fast.
You are covered in fur. (AC +1)
You have tough skin. (AC +1)


Message History

The bullfrog skeleton is almost destroyed.
The bullfrog skeleton hits you.
You barely miss the bullfrog skeleton.
The bullfrog skeleton is almost destroyed.
The bullfrog skeleton barely misses you.
The bullfrog skeleton hits you.
You claw the bullfrog skeleton!
You destroy the bullfrog skeleton!
Your Stealth skill increases to level 3!
You have reached level 2!
You have reached level 3!
Your experience leads to an increase in your attributes!
Increase (S)trength, (I)ntelligence, or (D)exterity?
You feel agile.
You feel stronger.
You see here a +0 club.
An iguana comes into view.
Found a scroll labelled RILEZOSKES.
The iguana moves out of view.
The iguana hisses angrily.
The iguana bites you!
You closely miss the iguana.
The iguana bites you but does no damage.
You closely miss the iguana. The iguana closely misses you.
You completely miss the iguana.
You scratch the iguana but do no damage.
The iguana bites you!
You scratch the iguana but do no damage.
The iguana bites you!
You closely miss the iguana. Your claw misses the iguana. The iguana bites you.
* * * LOW HITPOINT WARNING * * *
You closely miss the iguana. The iguana bites you.
* * * LOW HITPOINT WARNING * * *
You scratch the iguana.
The iguana is lightly wounded.
The iguana bites you.
* * * LOW HITPOINT WARNING * * *
Okay, then.
You barely miss the iguana.
The iguana is lightly wounded.
The iguana bites you!
You die...

,,,,,,,*
*^***,,,,**,***,*
,,*,,,,*
*,#..,,,**,,,_*,****
,,,,,,,*
#,#.#,***_,,,,*,,+,*
,,****,*
#.#.#,,,**,,,_*,**,*
,** *,*
#.#.#*****#,***,*,,* **
*,*
#.#.#####.#,***,*,**
*,* #...##...,*,,*,,*,*
*,*
#####?.##.#****,,,**,*
*,***#.....@...#
**,***,**
**,,,...###.l##.# *_*
*,,* *,,,,,,,.....##.#
###* *,,*
**,****####..##)#####.#
**,* *** #..##.......#
*,* #..##.......## *,*
#............# *,*
#..##........# *,*
#.,*###...##.# *,*


You could see an iguana.

Vanquished Creatures
  A bullfrog skeleton (D:5)
  An orc (D:5)
2 creatures vanquished.

Notes
Turn   | Place    | Note
-------+----------+-------------------------------------------
     0 | D:5      | lawman0 the Troll Delver began the quest for the Orb.
     0 | D:5      | Reached XP level 1. HP: 22/22 MP: 0/0
     0 | D:5      | Noticed a vampire
     0 | D:5      | Noticed a wight
    17 | D:5      | Reached skill level 3 in Stealth
    17 | D:5      | Reached XP level 2. HP: 27/29 MP: 1/1
    17 | D:5      | Reached XP level 3. HP: 34/36 MP: 2/2
    32 | D:5      | Slain by an iguana

Illustrated notes

Levels and vault maps discovered:
D:5:      layout_loops_ring, chequers_temple_overflow_minitemple,
          portal_sewer_entry_d, minmay_hollow_rounded_squares

Skill      XL: |  1 |
---------------+----+-----
Stealth        | 3 |  3.1
Fighting       | |  2.6
Dodging        | |  1.6
Unarmed Combat | |  2.3

Action                   || total
-------------------------++-------
Melee: Unarmed           ||    16
  Use: Scroll            ||     1
Armor: Robe              ||     2
Dodge: Dodged            ||     3

Table legend: (Time is in decaauts)
 A = Elapsed time spent in this place.
 B = Non-inter-level travel time spent in this place.
 C = Inter-level travel time spent in this place.
 D = Time resting spent in this place.
 E = Time spent auto-exploring this place.
 F = Levels seen in this place.
 G = Mean time per level.
                   A        B        C        D        E       F      G
               +--------+--------+--------+--------+--------+-----+--------+
         Total |     31 |     31 |      0 |      0 |      0 |   1 |   31.0 |
       Dungeon |     31 |     31 |      0 |      0 |      0 |   1 |   31.0 |
               +--------+--------+--------+--------+--------+-----+--------+

Top non-repeatable levels by time:
     D:5: 31 daAuts
